| TOP OF THE 1ST |
|
Peoria Chiefs batting - Pitching for Kane County Cougars : RHP Jai-guo Xia
|
|
Pitching: RHP Jai-guo Xia
|
|
|
Batting: LHB Tsutomu Miyahara
|
0-0: Swinging Strike 0-1: Ball 1-1: Swinging Strike 1-2: Foul Ball, location: 2F 1-2: Strikes out swinging
|
|
Batting: LHB Dana McDonald
|
0-0: Swinging Strike 0-1: SOLO HOME RUN (Flyball, 9D, EV 95.6 MPH), Distance : 383 ft
|
|
Batting: SHB Gerardo Macias
|
0-0: Foul Ball, location: 2F 0-1: Ball 1-1: SINGLE (Flyball, 3D, EV 91.9 MPH)
|
|
Batting: RHB Andres Mendiola
|
0-0: Ball Gerardo Macias is caught stealing 2nd base 2-4 1-0: Foul Ball, location: 2F 1-1: Swinging Strike 1-2: Ground out 6-3 (Groundball, 6S, EV 74.4 MPH)
|
| Top of the 1st over - 1 run, 2 hits, 0 errors, 0 left on base; Peoria 1 - Kane County 0 |
| BOTTOM OF THE 1ST |
|
Kane County Cougars batting - Pitching for Peoria Chiefs : LHP Nigel Turner
|
|
Pitching: LHP Nigel Turner
|
|
|
Batting: RHB Francisco Gutierrez
|
0-0: Ball 1-0: Ball 2-0: Ball 3-0: Base on Balls
|
|
Batting: RHB Longfellow Wetzler
|
0-0: Foul Ball, location: 2F 0-1: Swinging Strike 0-2: Ball 1-2: Ball 2-2: Strikes out looking
|
|
Batting: LHB J.P. Olson
|
0-0: Ball 1-0: Foul Ball, location: 2F 1-1: Ball 2-1: Ball 3-1: Called Strike 3-2: Strikes out swinging
|
|
Batting: RHB Chad Mendoza
|
0-0: Swinging Strike 0-1: Called Strike 0-2: Strikes out swinging
|
| Bottom of the 1st over - 0 runs, 0 hits, 0 errors, 1 left on base; Peoria 1 - Kane County 0 |
| TOP OF THE 2ND |
|
Peoria Chiefs batting - Pitching for Kane County Cougars : RHP Jai-guo Xia
|
|
Batting: RHB Ricky Yerzy
|
0-0: Called Strike 0-1: Ball 1-1: Ball 2-1: Ball 3-1: Base on Balls
|
|
Batting: RHB Joe LaDue
|
0-0: Ball 1-0: Ball 2-0: Ball Wild Pitch! Ricky Yerzy to second 3-0: Ground out 6-3 (Groundball, 6M, EV 84.4 MPH) Ricky Yerzy to third
|
|
Batting: RHB Fekadu Alhaadi
|
0-0: Ball 1-0: Foul Ball, location: 2F 1-1: Swinging Strike 1-2: Strikes out swinging
|
|
Batting: RHB Pat Scaturro
|
0-0: Foul Ball, location: 2F 0-1: Ground out 5-3 (Groundball, 56, EV 87.5 MPH)
|
| Top of the 2nd over - 0 runs, 0 hits, 0 errors, 1 left on base; Peoria 1 - Kane County 0 |
| BOTTOM OF THE 2ND |
|
Kane County Cougars batting - Pitching for Peoria Chiefs : LHP Nigel Turner
|
|
Batting: RHB D.J. Cooke
|
0-0: Ball 1-0: Fly out, F9 (Flyball, 89D, EV 99.4 MPH)
|
|
Batting: RHB Ernesto Zamora
|
0-0: Ground out 1-3 (Groundball, P, EV 70.0 MPH)
|
|
Batting: RHB Gary Hills
|
0-0: Foul Ball, location: 2F 0-1: Ball 1-1: Ball 2-1: Called Strike 2-2: Ground out 6-3 (Groundball, 6S, EV 88.1 MPH)
|
| Bottom of the 2nd over - 0 runs, 0 hits, 0 errors, 0 left on base; Peoria 1 - Kane County 0 |
| TOP OF THE 3RD |
|
Peoria Chiefs batting - Pitching for Kane County Cougars : RHP Jai-guo Xia
|
|
Batting: RHB Tim Cleary
|
0-0: Foul Ball, location: 2F 0-1: Ball 1-1: SINGLE (Groundball, 4D, EV 98.8 MPH)
|
|
Batting: LHB Tsutomu Miyahara
|
0-0: Called Strike Tim Cleary is caught stealing 2nd base 2-6 0-1: Ground out U3 (Groundball, 3, EV 103.1 MPH)
|
|
Batting: LHB Dana McDonald
|
0-0: SINGLE (Groundball, 56D, EV 106.9 MPH)
|
|
Batting: SHB Gerardo Macias
|
0-0: Foul Ball, location: 2F 0-1: Foul Ball, location: 2F 0-2: Ball 1-2: Foul Ball, location: 2F 1-2: Strikes out swinging
|
| Top of the 3rd over - 0 runs, 2 hits, 0 errors, 1 left on base; Peoria 1 - Kane County 0 |
| BOTTOM OF THE 3RD |
|
Kane County Cougars batting - Pitching for Peoria Chiefs : LHP Nigel Turner
|
|
Batting: LHB Jeff Harmon
|
0-0: Foul Ball, location: 2F 0-1: Ball 1-1: Ball 2-1: Foul Ball, location: 2F 2-2: Ground out 5-3 (Groundball, 56S, EV 81.9 MPH)
|
|
Batting: LHB Enrique Ponce
|
0-0: Ball 1-0: Foul Ball, location: 2F 1-1: Foul Ball, location: 2F 1-2: Foul Ball, location: 2F 1-2: Strikes out swinging
|
|
Batting: RHB Francisco Gutierrez
|
0-0: Called Strike 0-1: Foul Ball, location: 2F 0-2: Ball 1-2: Ground out U3 (Groundball, 3, EV 89.4 MPH)
|
| Bottom of the 3rd over - 0 runs, 0 hits, 0 errors, 0 left on base; Peoria 1 - Kane County 0 |
| TOP OF THE 4TH |
|
Peoria Chiefs batting - Pitching for Kane County Cougars : RHP Jai-guo Xia
|
|
Batting: RHB Andres Mendiola
|
0-0: Swinging Strike 0-1: Ball 1-1: Swinging Strike 1-2: Ball 2-2: Ball 3-2: Ground out 6-3 (Groundball, 6, EV 98.1 MPH)
|
|
Batting: RHB Ricky Yerzy
|
0-0: Ball 1-0: Called Strike 1-1: Foul Ball, location: 2F 1-2: Ball 2-2: Ball 3-2: SOLO HOME RUN (Flyball, 9D, EV 100.0 MPH), Distance : 371 ft
|
|
Batting: RHB Joe LaDue
|
0-0: Swinging Strike 0-1: Foul Ball, location: 2F 0-2: Foul Ball, location: 2F 0-2: Ball 1-2: Ball 2-2: Foul Ball, location: 2F 2-2: Ball 3-2: Foul Ball, location: 2F 3-2: Strikes out looking
|
|
Batting: RHB Fekadu Alhaadi
|
0-0: Ball 1-0: Foul Ball, location: 2F 1-1: Ball 2-1: Ball 3-1: Foul Ball, location: 2F 3-2: Base on Balls
|
|
Batting: RHB Pat Scaturro
|
0-0: Foul Ball, location: 2F 0-1: Called Strike 0-2: Ball 1-2: Fielders Choice at 2nd, 5-4 (Groundball, 56, EV 78.8 MPH)
|
| Top of the 4th over - 1 run, 1 hit, 0 errors, 1 left on base; Peoria 2 - Kane County 0 |
| BOTTOM OF THE 4TH |
|
Kane County Cougars batting - Pitching for Peoria Chiefs : LHP Nigel Turner
|
|
Batting: RHB Longfellow Wetzler
|
0-0: Called Strike 0-1: Ball 1-1: Foul Ball, location: 2F 1-2: Strikes out swinging
|
|
Batting: LHB J.P. Olson
|
0-0: Ball 1-0: Ball 2-0: Ball 3-0: Called Strike 3-1: Swinging Strike 3-2: Base on Balls
|
|
Batting: RHB Chad Mendoza
|
0-0: Ball J.P. Olson steals 2nd base 1-0: Swinging Strike 1-1: Ball 2-1: SINGLE (Groundball, 4MD, EV 103.1 MPH) J.P. Olson to third Runner from 3rd tries for Home, SAFE, throw by CF to home
|
|
Batting: RHB D.J. Cooke
|
0-0: Foul Ball, location: 2F 0-1: Fly out, F7 (Flyball, 78S, EV 86.9 MPH)
|
|
Batting: RHB Ernesto Zamora
|
0-0: Fielders Choice at 2nd, 5-4 (Groundball, 56, EV 98.8 MPH)
|
| Bottom of the 4th over - 1 run, 1 hit, 0 errors, 1 left on base; Peoria 2 - Kane County 1 |
| TOP OF THE 5TH |
|
Peoria Chiefs batting - Pitching for Kane County Cougars : RHP Jai-guo Xia
|
|
Batting: RHB Tim Cleary
|
0-0: Called Strike 0-1: Ball 1-1: Called Strike 1-2: Ball 2-2: Strikes out swinging
|
|
Batting: LHB Tsutomu Miyahara
|
0-0: Ball 1-0: Called Strike 1-1: Ball 2-1: Called Strike 2-2: Strikes out looking
|
|
Batting: LHB Dana McDonald
|
0-0: Ball 1-0: Foul Ball, location: 2F 1-1: Ball 2-1: Ground out 6-3 (Groundball, 6S, EV 70.6 MPH)
|
| Top of the 5th over - 0 runs, 0 hits, 0 errors, 0 left on base; Peoria 2 - Kane County 1 |
| BOTTOM OF THE 5TH |
|
Kane County Cougars batting - Pitching for Peoria Chiefs : LHP Nigel Turner
|
|
Batting: RHB Gary Hills
|
0-0: Ball 1-0: Reached on error, E6 (Groundball, 6, EV 85.0 MPH)
|
|
Batting: LHB Jeff Harmon
|
0-0: Ball 1-0: Called Strike 1-1: Foul Ball, location: 2F 1-2: Ball 2-2: SINGLE (Flyball, 3D, EV 86.2 MPH) Gary Hills to second
|
|
Batting: LHB Enrique Ponce
|
0-0: Swinging Strike 0-1: Ball 1-1: Foul Ball, location: 2F 1-2: Strikes out looking
|
|
Batting: RHB Francisco Gutierrez
|
0-0: Ground out 3-1 (Groundball, 3, EV 108.1 MPH) Gary Hills to third Jeff Harmon to second
|
|
Batting: RHB Longfellow Wetzler
|
0-0: Foul Ball, location: 2F 0-1: SINGLE (Groundball, 6D, EV 95.0 MPH) Gary Hills scores Jeff Harmon to third Runner from 3rd tries for Home, SAFE, throw by LF to home Longfellow Wetzler to second
|
|
Batting: LHB J.P. Olson
|
0-0: Ball 1-0: Foul Ball, location: 2F 1-1: Foul Ball, location: 2F 1-2: Fly out, F9 (Flyball, 9, EV 93.1 MPH)
|
| Bottom of the 5th over - 2 runs, 2 hits, 1 error, 1 left on base; Peoria 2 - Kane County 3 |
| TOP OF THE 6TH |
|
Peoria Chiefs batting - Pitching for Kane County Cougars : RHP Jai-guo Xia
|
|
Batting: SHB Gerardo Macias
|
0-0: Ball 1-0: Called Strike 1-1: Ball 2-1: Foul Ball, location: 2F 2-2: Strikes out looking
|
|
Batting: RHB Andres Mendiola
|
0-0: Called Strike 0-1: Ball 1-1: Called Strike 1-2: Foul Ball, location: 2F 1-2: Foul Ball, location: 2F 1-2: SINGLE (Groundball, 6S, EV 69.4 MPH) (infield hit)
|
|
Batting: RHB Ricky Yerzy
|
0-0: Ball 1-0: Called Strike Andres Mendiola steals 2nd base 1-1: Ground out U3 (Groundball, 3, EV 97.5 MPH) Andres Mendiola to third
|
|
Batting: RHB Joe LaDue
|
0-0: Ball 1-0: Called Strike 1-1: DOUBLE (Groundball, 5L, EV 108.8 MPH) Andres Mendiola scores
|
|
Pitching: RHP John Petersen
|
|
|
Pinch Hitting: SHB Josh Schultze
|
0-0: Ball 1-0: Foul Ball, location: 2F 1-1: Foul Ball, location: 2F 1-2: Ball 2-2: Foul Ball, location: 2F 2-2: Ball 3-2: Base on Balls
|
|
Batting: RHB Pat Scaturro
|
0-0: Foul Ball, location: 2F 0-1: Foul Ball, location: 2F 0-2: Foul Ball, location: 2F 0-2: Ball 1-2: Ball 2-2: SINGLE (Groundball, 34D, EV 107.5 MPH) Joe LaDue to third Josh Schultze to second Runner from 3rd tries for Home, SAFE, throw by RF to home
|
|
Batting: RHB Tim Cleary
|
0-0: Called Strike 0-1: Ball 1-1: Ball 2-1: Swinging Strike 2-2: Ball 3-2: Strikes out swinging
|
| Top of the 6th over - 2 runs, 3 hits, 0 errors, 2 left on base; Peoria 4 - Kane County 3 |
| BOTTOM OF THE 6TH |
|
Kane County Cougars batting - Pitching for Peoria Chiefs : LHP Nigel Turner
|
|
Now in RF: Ken Compton
|
|
|
Batting: RHB Chad Mendoza
|
0-0: Ball 1-0: Ball 2-0: Ground out 4-3 (Groundball, 34, EV 105.6 MPH)
|
|
Batting: RHB D.J. Cooke
|
0-0: Ball 1-0: Ball 2-0: SOLO HOME RUN (Flyball, 9D, EV 96.2 MPH), Distance : 370 ft
|
|
Batting: RHB Ernesto Zamora
|
0-0: Ball 1-0: Ball 2-0: Ball 3-0: Called Strike 3-1: Foul Ball, location: 2F 3-2: Fly out, F7 (Line Drive, 7, EV 89.4 MPH)
|
|
Batting: RHB Gary Hills
|
0-0: Ground out 3-1 (Groundball, 34S, EV 87.5 MPH)
|
| Bottom of the 6th over - 1 run, 1 hit, 0 errors, 0 left on base; Peoria 4 - Kane County 4 |
| TOP OF THE 7TH |
|
Peoria Chiefs batting - Pitching for Kane County Cougars : RHP John Petersen
|
|
Pitching: LHP Travis Osorio
|
|
|
Batting: LHB Tsutomu Miyahara
|
0-0: Ground out 1-3 (Groundball, P, EV 70.0 MPH)
|
|
Batting: LHB Dana McDonald
|
0-0: Foul Ball, location: 2F 0-1: Foul Ball, location: 2F 0-2: Foul Ball, location: 2F 0-2: Ball 1-2: Ground out 4-3 (Groundball, 4, EV 79.4 MPH)
|
|
Pitching: RHP Jaylen Hatten
|
|
|
Batting: SHB Gerardo Macias
|
0-0: Foul Ball, location: 2F 0-1: Ball 1-1: Ball 2-1: Swinging Strike 2-2: Strikes out swinging
|
| Top of the 7th over - 0 runs, 0 hits, 0 errors, 0 left on base; Peoria 4 - Kane County 4 |
| BOTTOM OF THE 7TH |
|
Kane County Cougars batting - Pitching for Peoria Chiefs : LHP Nigel Turner
|
|
Batting: LHB Jeff Harmon
|
0-0: Called Strike 0-1: Ball 1-1: Ground out 4-3 (Groundball, 4D, EV 105.6 MPH)
|
|
Batting: LHB Enrique Ponce
|
0-0: Called Strike 0-1: Ball 1-1: Foul Ball, location: 2F 1-2: Strikes out swinging
|
|
Batting: RHB Francisco Gutierrez
|
0-0: Foul Ball, location: 2F 0-1: Ball 1-1: SINGLE (Groundball, 56D, EV 100.0 MPH)
|
|
Batting: RHB Longfellow Wetzler
|
0-0: Ball 1-0: Ball 2-0: Called Strike 2-1: Fielders Choice at 2nd, 6-4 (Groundball, 6, EV 84.4 MPH)
|
| Bottom of the 7th over - 0 runs, 1 hit, 0 errors, 1 left on base; Peoria 4 - Kane County 4 |
| TOP OF THE 8TH |
|
Peoria Chiefs batting - Pitching for Kane County Cougars : RHP Jaylen Hatten
|
|
Batting: RHB Andres Mendiola
|
0-0: Foul Ball, location: 2F 0-1: Ball 1-1: Called Strike 1-2: Strikes out swinging
|
|
Batting: RHB Ricky Yerzy
|
0-0: Ball 1-0: Foul Ball, location: 2F 1-1: Called Strike 1-2: Strikes out looking
|
|
Batting: RHB Joe LaDue
|
0-0: Called Strike 0-1: Swinging Strike 0-2: Ball 1-2: Ball 2-2: Strikes out swinging
|
| Top of the 8th over - 0 runs, 0 hits, 0 errors, 0 left on base; Peoria 4 - Kane County 4 |
| BOTTOM OF THE 8TH |
|
Kane County Cougars batting - Pitching for Peoria Chiefs : LHP Nigel Turner
|
|
Batting: LHB J.P. Olson
|
0-0: Ball 1-0: Swinging Strike 1-1: Foul Ball, location: 2F 1-2: Strikes out swinging
|
|
Batting: RHB Chad Mendoza
|
0-0: Foul Ball, location: 2F 0-1: SINGLE (Groundball, 6MD, EV 98.8 MPH)
|
|
Batting: RHB D.J. Cooke
|
0-0: Fly out, F9 (Flyball, 9S, EV 96.9 MPH)
|
|
Pitching: RHP Nick Butler
|
|
|
Pinch Hitting: SHB Blaine Peters
|
0-0: Called Strike 0-1: Swinging Strike 0-2: Ball 1-2: Strikes out looking
|
| Bottom of the 8th over - 0 runs, 1 hit, 0 errors, 1 left on base; Peoria 4 - Kane County 4 |
| TOP OF THE 9TH |
|
Peoria Chiefs batting - Pitching for Kane County Cougars : RHP Jaylen Hatten
|
|
Now at 2B: Francisco Gutierrez
|
|
|
Now in LF: Blaine Peters
|
|
|
Batting: LHB Ken Compton
|
0-0: Swinging Strike 0-1: Swinging Strike 0-2: Strikes out swinging
|
|
Batting: RHB Pat Scaturro
|
0-0: Ball 1-0: Called Strike 1-1: Swinging Strike 1-2: Ball 2-2: Strikes out swinging
|
|
Pinch Hitting: LHB Jorge Zarazua
|
0-0: Ball 1-0: Called Strike 1-1: Ball 2-1: SOLO HOME RUN (Flyball, 9D, EV 96.9 MPH), Distance : 370 ft
|
|
Batting: LHB Tsutomu Miyahara
|
0-0: Fly out, F8 (Flyball, 8RD, EV 93.1 MPH)
|
| Top of the 9th over - 1 run, 1 hit, 0 errors, 0 left on base; Peoria 5 - Kane County 4 |
| BOTTOM OF THE 9TH |
|
Kane County Cougars batting - Pitching for Peoria Chiefs : RHP Nick Butler
|
|
Pitching: LHP Logan Moultry
|
|
|
Now at 1B: Jorge Zarazua
|
|
|
Now at 2B: Joe LaDue
|
|
|
Now at 3B: Chris Norris
|
|
|
Now in LF: Ken Compton
|
|
|
Now in RF: Ben Politi
|
|
|
Batting: RHB Gary Hills
|
0-0: Foul Ball, location: 2F 0-1: Ground out 6-3 (Groundball, 6, EV 96.9 MPH)
|
|
Pinch Hitting: RHB Dustin Legault
|
0-0: Ground out 6-3 (Groundball, 6D, EV 88.8 MPH)
|
|
Pinch Hitting: RHB Sergio Manzanero
|
0-0: Ball 1-0: Called Strike 1-1: Foul Ball, location: 2F 1-2: Foul Ball, location: 2F 1-2: Ball 2-2: Ball 3-2: Strikes out looking
|
| Bottom of the 9th over - 0 runs, 0 hits, 0 errors, 0 left on base; Peoria 5 - Kane County 4 |
|